 Dungeon Crawl Stone Soup version 0.20.0-15-g7f486f2 (webtiles) character file.

3333 Zwobot the Carver (level 9, -7/67 HPs)
             Began as a Mummy Fighter on June 9, 2017.
             Was an Initiate of Gozag.
             Shot with an arrow by a centaur (8 damage)
             ... on level 8 of the Dungeon.
             The game lasted 00:23:20 (7049 turns).

Zwobot the Carver (Mummy Fighter)                   Turns: 7049, Time: 00:23:21

Health: -7/67      AC: 17    Str: 28    XL:     9   Next: 71%
Magic:  12/12      EV:  6    Int:  7    God:    Gozag
Gold:   205        SH:  9    Dex: 12    Spells: 8/8 levels left

rFire    . . .     SeeInvis .   a - +0 double sword (slice)
rCold    . . .     Gourm    .   c - +0 shield
rNeg     + + +     Faith    .   D - +0 chain mail
rPois    ∞         Spirit   .   d - +0 helmet
rElec    .         Reflect  .   h - +2 cloak
rCorr    .         Harm     .   q - +0 pair of gloves {Str+3}
MR       +....                  B - +0 pair of boots
Stlth    ..........             (no amulet)
Regen    0.3/turn               e - +3 ring of strength
MPRegen  0.2/turn               w - ring of fire

@: gold aura
A: no food or potions, fire vulnerability, cold resistance 1, negative energy
resistance 3, torment resistance, unbreathing
a: Potion Petition, Call Merchant, Bribe Branch, Renounce Religion


You were on level 8 of the Dungeon.
You worshipped Gozag.
Gozag was aware of your devotion.
You were not hungry.

You visited 2 branches of the dungeon, and saw 9 of its levels.

You collected 1193 gold pieces.
You spent 953 gold pieces at shops.
You paid 35 gold pieces to Gozag.

Inventory:

Hand Weapons
 a - a +0 double sword of slicing (weapon)
 i - a +0 blowgun
 j - a +0 hunting sling
 C - a +0 long sword
Missiles
 g - 3 curare-tipped needles
 k - 55 sling bullets
 m - 36 poisoned needles
 r - 4 tomahawks of dispersal (quivered)
Armour
 c - a +0 shield (worn)
 d - a +0 helmet (worn)
 h - a +2 cloak (worn)
 q - a +0 pair of gloves of strength (worn)
 B - a +0 pair of boots (worn)
 D - a +0 chain mail (worn)
Jewellery
 e - a +3 ring of strength (left hand)
 w - a ring of fire (right hand)
Wands
 l - a wand of random effects (9/48)
 s - a wand of confusion (0/48)
 u - a wand of disintegration (3/24)
 x - a wand of acid (3/15)
 y - a wand of polymorph (10/24)
 z - a wand of disintegration (8/24)
 E - a wand of iceblast (4/15)
 F - a wand of lightning (10/15)
Scrolls
 b - 2 scrolls of remove curse
 f - a scroll of enchant weapon {unknown}
 n - a scroll of recharging
 o - a scroll of magic mapping {unknown}
 p - a scroll of random uselessness {unknown}
 t - 2 scrolls of teleportation
 v - a scroll of blinking
 A - 2 scrolls of amnesia


   Skills:
 + Level 4.8 Fighting
 * Level 8.2 Long Blades
 + Level 6.1 Armour
 - Level 2.4 Shields
 - Level 5.1 Evocations


You had 8 spell levels left.
You didn't know any spells.

Dungeon Overview and Level Annotations

Branches:
Dungeon (8/15)             Temple (1/1) D:6
   Lair: D:8-11

Altars:
Ashenzari
Cheibriados
Elyvilon
Fedhas
Gozag
Hepliaklqana
Kikubaaqudgha
Makhleb
Nemelex Xobeh
Okawaru
Qazlal
Sif Muna
Trog
Uskayaw
Vehumet
Zin
The Shining One

Shops:
D:4 ?:*

Annotations:
D:6 1 transporter
D:7 Bareth's ghost, novice TrBe


Innate Abilities, Weirdness & Mutations

You do not eat or drink.
Your flesh is vulnerable to fire.
You are immune to poison.
Your flesh is cold resistant. (rC+)
You are immune to negative energy. (rN+++)
You are immune to unholy pain and torment.
You can survive without breathing.


Message History

The bolt of acid misses the wyvern.
This wand has 4 charges left.
You block the wyvern's attack. The wyvern bites you!
* * * LOW HITPOINT WARNING * * *
Evoke which item? (* to show all) (? for menu, Esc to quit)
This wand has no charges.
Unknown command.
Evoke which item? (* to show all) (? for menu, Esc to quit)
Aiming: Corrosive Bolt
Press: ? - help, Shift-Dir - straight line, f/p - wyvern
Aim: a wyvern (almost dead)
The bolt of acid hits the wyvern.
The wyvern is splashed with acid.
The acid corrodes the wyvern!
You kill the wyvern!
This wand has 3 charges left.
The centaur shoots an arrow.
The arrow hits you!
* * * LOW HITPOINT WARNING * * *
You see here 3 arrows.
The centaur shoots an arrow.
The arrow hits you!
You die...
Your body crumbles into a pile of gold.

#.# #>.....................
##.####.###.#################
#............................
##############.#################
#...............................
#.#############.########.......#
#.# .......................+ #.#
#######.########.......# #.# #@#
#........ #.# #(# ####...%...#
#.# ...# #.# #........... #.#
#...# #.# #.##........ #)# #...#
#$# # #........ #.# #...# #.#
#####.##. #.# #...# c.. #.##.
#.# #...# #.# #.##. ##.#####...#
#.. #.##.


You could see a centaur.

Vanquished Creatures
  Pikel (D:6)
  Joseph (D:8)
  Grinder (D:3)
  The ghost of Zleub the Spear-Bearer, an amateur MfGl (D:3)
  A wyvern (D:8)
  A hungry ghost (D:8)
  An orc warrior (D:6)
  4 ogres
  A centaur (D:5)
  A big kobold (D:5)
  5 bullfrogs
  2 scorpions
  A howler monkey (D:3)
  A crimson imp (D:7)
  A bullfrog zombie (D:7)
  3 orc wizards
  5 orc priests
  3 bullfrog skeletons
  3 hounds
  A gnoll shaman (D:4)
  An iguana (D:5)
  2 worker ants
  4 gnolls (D:4)
  8 adders
  A shadow imp (D:7)
  2 oozes
  An adder zombie (D:7)
  A worm (D:3)
  A dart slug (D:3)
  2 leopard geckos
  14 orcs
  3 bat skeletons (D:7)
  3 bat zombies (D:7)
  9 giant cockroaches
  6 goblins
  7 hobgoblins
  9 jackals
  4 quokkas
  4 bats
  7 frilled lizards
  14 kobolds
  A leopard gecko skeleton (D:4)
  9 rats
151 creatures vanquished.

Vanquished Creatures (others)
  A shadow imp (D:6)
  2 orcs (D:6)
  A giant cockroach (D:6)
4 creatures vanquished.

Grand Total: 155 creatures vanquished

Notes
Turn   | Place    | Note
-------+----------+-------------------------------------------
     0 | D:1      | Zwobot the Mummy Fighter began the quest for the Orb.
     0 | D:1      | Reached XP level 1. HP: 18/18 MP: 1/1
   171 | D:1      | Reached XP level 2. HP: 24/24 MP: 2/2
   175 | D:1      | Reached skill level 2 in Long Blades
   389 | D:1      | Reached XP level 3. HP: 21/29 MP: 3/3
   973 | D:2      | Found an opulent altar of Gozag.
   980 | D:2      | Became a worshipper of Gozag Ym Sagoz the Greedy
  1812 | D:3      | Noticed Grinder
  1830 | D:2      | Reached skill level 3 in Long Blades
  1875 | D:3      | Reached XP level 4. HP: 35/35 MP: 4/4
  1900 | D:3      | Found a stormy altar of Qazlal.
  2112 | D:3      | Noticed Zleub's ghost (amateur MfGl)
  2245 | D:3      | Found a glowing silver altar of Zin.
  2280 | D:3      | Killed Zleub's ghost
  2280 | D:3      | Reached skill level 4 in Long Blades
  2280 | D:3      | Reached XP level 5. HP: 35/41 MP: 5/5
  2280 | D:3      | Reached XP level 6. HP: 40/47 MP: 6/6
  2395 | D:3      | Killed Grinder
  2395 | D:3      | Reached skill level 5 in Long Blades
  2395 | D:3      | Reached XP level 7. HP: 47/52 MP: 7/7
  2729 | D:5      | Entered Level 5 of the Dungeon
  2832 | D:4      | Found Puyt's Assorted Antiques.
  2840 | D:4      | Bought a scroll labeled MOCZIY SIMOPNUM for 32 gold pieces
  2840 | D:4      | Bought a pair of embroidered gloves for 240 gold pieces
  2850 | D:4      | Found Etwyer Peba's Book Shop.
  3186 | D:5      | Reached skill level 6 in Long Blades
  3357 | D:5      | Reached skill level 5 in Armour
  3487 | D:4      | Reached XP level 8. HP: 42/58 MP: 8/8
  3631 | D:4      | Found a blossoming altar of Fedhas.
  3700 | D:4      | Reached skill level 1 in Evocations
  3741 | D:4      | Found Lieqim's Magic Scroll Boutique.
  3744 | D:4      | Bought a scroll of remove curse for 30 gold pieces
  3744 | D:4      | Bought a scroll of blinking for 75 gold pieces
  3954 | D:5      | Found a snail-covered altar of Cheibriados.
  4143 | D:6      | Found a staircase to the Ecumenical Temple.
  4158 | D:6      | Found a transporter.
  4158 | D:6      | Noticed Pikel
  4176 | D:6      | Killed Pikel
  4176 | D:6      | Reached skill level 5 in Evocations
  4186 | Temple   | Entered the Ecumenical Temple
  4667 | D:6      | Reached XP level 9. HP: 64/64 MP: 12/12
  4914 | D:6      | Reached skill level 7 in Long Blades
  5274 | D:7      | Noticed Bareth's ghost (novice TrBe)
  5495 | D:7      | HP: 2/64 [Bareth's ghost (20)]
  5980 | D:7      | Found an ancient bone altar of Kikubaaqudgha.
  6436 | D:4      | Bought a glowing double sword for 576 gold pieces
  6783 | D:8      | Noticed Joseph
  6810 | D:8      | Killed Joseph
  6897 | D:8      | Reached skill level 8 in Long Blades
  7048 | D:8      | HP: 1/67 [centaur/arrow (9)]
  7049 | D:8      | Shot with an arrow by a centaur

Skill      XL: |  1  2  3  4  5  6  7  8  9 |
---------------+----------------------------+-----
Long Blades    | 2 3 4 5 6 8 |  8.2
Armour         | 3 4 5 6 |  6.1
Evocations     | 5 |  5.1
Fighting       | 4 |  4.8
Shields        | |  2.4

Action                   |  1- 3 |  4- 6 |  7- 9 || total
-------------------------+-------+-------+-------++-------
Melee: Long sword        |   204 |    66 |   365 ||   635
       Double sword      |       |       |    80 ||    80
Invok: Potion Petition   |       |     1 |       ||     1
Evoke: Wand              |       |     5 |    32 ||    37
  Use: Scroll            |     2 |     1 |     7 ||    10
 Stab: Invisible         |       |     3 |       ||     3
       Distracted        |       |     1 |       ||     1
       Confused          |       |       |     7 ||     7
Armor: Scale mail        |    97 |    20 |   159 ||   276
       Chain mail        |       |       |    35 ||    35
Dodge: Dodged            |    64 |    25 |    99 ||   188
Block: Shield            |   118 |    34 |   206 ||   358
       Rpst.: Long sword |    17 |     7 |    33 ||    57
       Double sword      |       |       |     2 ||     2
